 Dungeon Crawl Stone Soup version 0.24.1-14-gf8d2b509d9 (webtiles) character file.

Game seed: 5701542793758240253, levelgen mode: deterministic

3854 WinstonMain the Basher (level 9, 0/68 HPs)
             Began as a Demonspawn Gladiator on Dec 15, 2020.
             Was a Priest of Nemelex Xobeh.
             Succumbed to poison (dark miasma)
             ... on level 8 of the Dungeon on Dec 16, 2020.
             The game lasted 00:46:10 (10886 turns).

WinstonMain the Basher (Demonspawn Gladiator)      Turns: 10886, Time: 00:46:11

Health: 0/68       AC: 13    Str: 18    XL:     9   Next: 99%
Magic:  23/23      EV:  8    Int: 10    God:    Nemelex Xobeh [***...]
Gold:   181        SH: 11    Dex: 14    Spells: 8/8 levels left

rFire    x . .     SeeInvis .   B - +11 long sword of the Vaults {drain, +Inv rElec rPois}
rCold    + + .     Gourm    .   N - +1 shield {AC+3}
rNeg     . . .     Faith    .   M - +0 chain mail
rPois    +         Spirit   .   c - +0 helmet
rElec    +         Reflect  .   (no cloak)
rCorr    .         Harm     .   (no gloves)
MR       .....                  h - +0 pair of boots
Stlth    ..........             F - amulet of magic regeneration
HPRegen  0.21/turn              J - ring of ice
MPRegen  0.43/turn              K - ring of magical power

@: lethally poisoned (0 -> -27)
A: hooves 2, cold resistance 1, spiny 1, freezing cloud immunity, sturdy frame 2
a: Draw Escape, Draw Destruction, Draw Summoning, Triple Draw, Renounce
Religion, Evoke Invisibility


You were on level 8 of the Dungeon.
You worshipped Nemelex Xobeh.
Nemelex Xobeh was most pleased with you.
You were very hungry.

You visited 2 branches of the dungeon, and saw 9 of its levels.

You collected 411 gold pieces.
You spent 230 gold pieces at shops.

Inventory:

Hand Weapons
 a - a +1 flail
 b - a +0 hunting sling
 B - the +11 long sword of the Vaults (weapon) {drain, +Inv rElec rPois}
   (You found it on level 4 of the Dungeon)

   A truly terrible weapon, it drains the life of those it strikes.
   It insulates you from electricity.
   It protects you from poison.
   It lets you turn invisible.
Missiles
 d - 2 throwing nets
 k - 349 stones
 m - 2 silver javelins
 p - 111 sling bullets
 x - 5 datura-tipped darts
 A - 34 poisoned darts (quivered)
 D - 58 bolts
 H - 53 arrows
 L - 2 javelins
 T - 5 boomerangs
Armour
 c - a +0 helmet (worn)
 h - a +0 pair of boots (worn)
 M - a +0 chain mail (worn)
 N - a +1 shield of protection (worn)
Magical Staves
 E - an uncursed staff of power {unknown}
Jewellery
 t - an uncursed ring of stealth
 F - an amulet of magic regeneration (around neck)
 J - a ring of ice (left hand)
 K - a ring of magical power (right hand)
Wands
 w - a wand of enslavement (10)
 y - a wand of iceblast (18)
 R - a wand of scattershot (6)
 S - a wand of flame (15)
Scrolls
 g - a scroll of fear
 l - 4 scrolls of enchant weapon
 n - 3 scrolls of identify
 q - 4 scrolls of remove curse
 r - a scroll of magic mapping {unknown}
 s - a scroll of immolation
 v - a scroll of random uselessness {unknown}
 C - 2 scrolls of teleportation
 O - a scroll of vulnerability {unknown}
Potions
 e - a potion of resistance {unknown}
 j - 2 potions of lignification
 o - a potion of invisibility {unknown}
 u - 2 potions of cancellation
 z - 3 potions of haste
 G - a potion of degeneration {unknown}
 P - a potion of berserk rage {unknown}
Comestibles
 f - 12 rations


   Skills:
 + Level 5.6 Fighting
 * Level 10.1 Maces & Flails
 - Level 1.5(2.0) Slings
 - Level 1.7(2.1) Throwing
 - Level 0.4 Armour
 - Level 2.6 Dodging
 - Level 1.0 Stealth
 + Level 4.7 Shields
 + Level 6.9 Invocations


You had 8 spell levels left.
You didn't know any spells.
Your spell library was empty.

Dungeon Overview and Level Annotations

Branches:
Dungeon (8/15)             Temple (1/1) D:7
   Lair: D:8-11

Altars:
Ashenzari
Cheibriados
Dithmenos
Fedhas
Gozag
Hepliaklqana
Kikubaaqudgha
Makhleb
Nemelex Xobeh
Okawaru
Qazlal
Ru
Sif Muna
Trog
Uskayaw
Vehumet
Xom
Yredelemnul
Zin
The Shining One

Shops:
D:6 [

Annotations:
D:1 exclusion: downstairs
D:3 Pikel


Innate Abilities, Weirdness & Mutations

You have hoof-like feet.
Your flesh is cold resistant. (rC+)
You are partially covered in sharp spines.
You are immune to freezing clouds.
Your movements are less encumbered by armour. (ER -4)


Message History

You feel very sick.
* * * LOW HITPOINT WARNING * * *
You feel very sick.
Your magical effects are unravelling.
You feel magically purged.
You feel less wooden.
Your +0 helmet unmelds from your body.
Your +0 pair of boots unmelds from your body.
Your +0 chain mail unmelds from your body.
* * * LOW HITPOINT WARNING * * *
You feel very sick.
There is a lethal amount of poison in your body!
* * * LOW HITPOINT WARNING * * *
You feel very sick.
* * * LOW HITPOINT WARNING * * *
You feel very sick.
* * * LOW HITPOINT WARNING * * *
You feel sick.
You die...
Your body glows with a rainbow of weird colours and disappears.

##. ##.......####.##....####.
###..###.§.###.# #....##..# #.
#.........k# #.# ##..###..###.
##.##.....○# #.## #.## #......
#.#..##..○# #..# #.## #).####
###...####..###..####..###))##
#....## ##.........#.........# #
###.## ##.°###..##...##..##..###
##.###...# #.@###.####.###..##
#.#.....# #..###.# #....#....
#.......###..##..###..#....##
##.....#...#..##..##.>###...#
####.....#####...#..###..###...#
.........# ###.....#..##.....#
##.......# ##..............##
##.#..##.# ##.#####...#####..
#........## ##..# ##### #.#


There were no monsters in sight!

Vanquished Creatures
  A death drake (D:8)
  2 hippogriffs (D:8)
  An orc warrior (D:6)
  4 slaves
  A phantom (D:4)
  A sky beast (D:7)
  2 ice beasts
  4 ogres (D:8)
  2 centaurs
  4 bullfrogs
  A big kobold (D:8)
  2 scorpions (D:5)
  6 crimson imps
  A centaur zombie (D:8)
  A jelly (D:5)
  2 hounds (D:4)
  4 orc wizards
  6 orc priests
  A bullfrog skeleton (D:8)
  5 worker ants
  A hound skeleton (D:7)
  9 adders
  A shadow imp (D:6)
  2 oozes
  An adder skeleton (D:4)
  2 worms
  5 dart slugs
  3 leopard geckos
  25 orcs
  5 giant cockroaches
  5 goblins
  11 hobgoblins
  4 jackals (D:3)
  3 quokkas
  11 bats
  7 frilled lizards
  8 kobolds
  A leopard gecko skeleton (D:7)
  2 quokka skeletons
  11 rats
168 creatures vanquished.

Vanquished Creatures (collateral kills)
  A two-headed ogre (D:8)
  2 hippogriffs (D:7)
  2 orc warriors
  2 bullfrogs (D:6)
  A crimson imp (D:6)
  An orc priest (D:6)
  A giant cockroach (D:6)
10 creatures vanquished.

Grand Total: 178 creatures vanquished

Notes
Turn   | Place    | Note
-------+----------+-------------------------------------------
     0 | D:1      | WinstonMain the Demonspawn Gladiator began the quest for
                  | the Orb.
     0 | D:1      | Reached XP level 1. HP: 16/16 MP: 1/1
   238 | D:1      | Reached skill level 3 in Maces & Flails
   317 | D:1      | Gained mutation: Your movements are slightly less
                  | encumbered by armour. (ER -2) [demonic ancestry]
   317 | D:1      | Reached XP level 2. HP: 22/22 MP: 2/2
   938 | D:2      | Reached XP level 3. HP: 26/27 MP: 3/3
   997 | D:1      | Reached skill level 4 in Maces & Flails
  1465 | D:2      | Gained mutation: Your flesh is cold resistant. (rC+)
                  | [demonic ancestry]
  1465 | D:2      | Reached XP level 4. HP: 28/33 MP: 4/4
  2508 | D:3      | Reached skill level 5 in Maces & Flails
  2642 | D:3      | Gained mutation: You are partially covered in sharp spines.
                  | [demonic ancestry]
  2642 | D:3      | Reached XP level 5. HP: 38/38 MP: 5/5
  3177 | D:4      | Noticed a phantom
  3204 | D:4      | Killed a phantom
  3204 | D:4      | Reached skill level 1 in Slings
  3204 | D:4      | Reached skill level 1 in Stealth
  3290 | D:4      | Gained mutation: You are immune to freezing clouds.
                  | [demonic ancestry]
  3290 | D:4      | Reached XP level 6. HP: 41/44 MP: 6/6
  3475 | D:4      | Found a shimmering altar of Xom.
  3484 | D:4      | Got a slimy long sword
  3488 | D:4      | Identified the +11 long sword of the Vaults {drain, +Inv
                  | rElec rPois} (You found it on level 4 of the Dungeon)
  3552 | D:4      | Reached skill level 6 in Maces & Flails
  3603 | D:4      | Noticed a two-headed ogre
  3647 | D:4      | Noticed a slave
  3647 | D:4      | Noticed a slave
  3650 | D:4      | Noticed Pikel
  3650 | D:4      | Noticed a slave
  3651 | D:4      | Noticed a slave
  3982 | D:4      | Killed a slave
  4172 | D:3      | Killed a slave
  4371 | D:3      | Killed a slave
  4690 | D:4      | Killed a slave
  5351 | D:5      | Entered Level 5 of the Dungeon
  5473 | D:5      | Gained mutation: You have large cloven feet. [demonic
                  | ancestry]
  5473 | D:5      | Reached XP level 7. HP: 48/50 MP: 7/7
  5483 | D:5      | Reached skill level 7 in Maces & Flails
  6160 | D:5      | Found a hide-covered altar of Uskayaw.
  6160 | D:5      | Found a hazy altar of Hepliaklqana.
  6165 | D:5      | Found a faded altar of an unknown god.
  6172 | D:5      | Found a snail-covered altar of Cheibriados.
  6174 | D:5      | Found a radiant altar of Vehumet.
  6201 | D:5      | Became a worshipper of Nemelex Xobeh the Trickster
  6201 | D:5      | Received a gift from Nemelex Xobeh
  6201 | D:5      | Reached * piety under Nemelex Xobeh
  6341 | D:5      | Reached skill level 1 in Invocations
  6632 | D:6      | Found Yrpho Uwe's Armour Shoppe.
  6637 | D:6      | Bought a +0 chain mail for 49 gold pieces
  6637 | D:6      | Bought a +1 shield of protection for 181 gold pieces
  6743 | D:6      | Reached skill level 1 in Shields
  7185 | D:6      | Reached skill level 8 in Maces & Flails
  7185 | D:6      | Gained mutation: Your movements are less encumbered by
                  | armour. (ER -4) [demonic ancestry]
  7185 | D:6      | Reached XP level 8. HP: 26/57 MP: 10/10
  7430 | D:6      | Received a gift from Nemelex Xobeh
  7649 | D:6      | Found a shadowy altar of Dithmenos.
  8158 | D:7      | Found a bloodstained altar of Trog.
  8165 | D:7      | Reached ** piety under Nemelex Xobeh
  8213 | D:7      | Received a gift from Nemelex Xobeh
  8540 | D:7      | Noticed a hippogriff
  8540 | D:7      | Noticed a hippogriff
  8548 | D:7      | Killed a hippogriff
  8553 | D:7      | Killed a hippogriff
  8717 | D:7      | Found a staircase to the Ecumenical Temple.
  9048 | Temple   | Entered the Ecumenical Temple
  9478 | D:8      | Received a gift from Nemelex Xobeh
  9520 | D:8      | Reached skill level 9 in Maces & Flails
  9520 | D:8      | Gained mutation: You have hoof-like feet. [demonic
                  | ancestry]
  9520 | D:8      | Reached XP level 9. HP: 64/65 MP: 12/12
  9543 | D:8      | Reached skill level 5 in Invocations
  9968 | D:8      | Noticed a two-headed ogre
  9974 | D:8      | Noticed a rust devil
  9989 | D:8      | Killed a two-headed ogre
  9989 | D:8      | Reached skill level 5 in Fighting
 10141 | D:8      | Reached *** piety under Nemelex Xobeh
 10463 | D:8      | Received a gift from Nemelex Xobeh
 10581 | D:8      | Reached skill level 10 in Maces & Flails
 10812 | D:8      | Noticed a two-headed ogre
 10815 | D:8      | Noticed a death drake
 10815 | D:8      | a two-headed ogre changed into a death drake
 10821 | D:8      | Identified the +0 long sword of Feikunn {speed, +Inv SInv}
 10827 | D:8      | Noticed a hellwing
 10828 | D:8      | HP: 3/67 [poisoned by a death drake (dark miasma)]
 10878 | D:8      | Killed a death drake
 10879 | D:8      | HP: 1/99 [poison (dark miasma)]
 10885 | D:8      | HP: 3/68 [poison (dark miasma)]
 10886 | D:8      | Succumbed to poison (dark miasma)

Levels and vault maps discovered:
D:1:      saegor_arrival_simple_d, layout_rooms, serial_forest,
          infiniplex_forest_straight_5, infiniplex_forest_clump_cross,
          infiniplex_forest_lined_2, infiniplex_forest_clump_C,
          infiniplex_forest_lined_corner
D:2:      layout_rooms, first_ration
D:3:      cheibrodos_helix_gallery, layout_loops_ring,
          kennysheep_generic_room_13
D:4:      layout_basic, tgw_xom, uniq_pikel
D:5:      lemuel_ice_spiral_2, layout_rooms, chequers_temple_overflow_minitemple
D:6:      layout_loops_ring, lemuel_coloured_pillars_altar,
          gup_sewer_entry_bowl, chequers_ossuary_entry_cave, serial_shops, shop
D:7:      layout_basic, bloody_trog, minmay_temple_entry_antechambers
D:8:      layout_layer_cave, serial_park_tiny_pond, blue_anna_alchemist
          [blue_anna_fruit_fields, blue_anna_fruit_fields],
          minmay_increasing_density
Temple:   oiseaux_autumnal_temple

Skill      XL: |  1  2  3  4  5  6  7  8  9 |
---------------+----------------------------+-----
Maces & Flails | 3 4 5 6 8 9 10 | 10.1
Slings         | 1 |  1.5
Stealth        | 1 |  1.0
Invocations    | 2 4 6 |  6.9
Shields        | 1 3 4 |  4.7
Fighting       | 4 5 |  5.6
Throwing       | |  1.7
Armour         | |  0.4
Dodging        | |  2.6

Action                   |  1- 3 |  4- 6 |  7- 9 || total
-------------------------+-------+-------+-------++-------
Melee: Flail             |   109 |   152 |   228 ||   489
       Long sword        |       |       |     3 ||     3
 Fire: Hunting sling     |       |    95 |    43 ||   138
Throw: Stone             |    21 |    42 |       ||    63
       Throwing net      |     2 |       |       ||     2
       Dart              |       |     2 |    15 ||    17
 Abil: Draw Destruction  |       |       |    10 ||    10
       Draw Summoning    |       |       |     9 ||     9
  Use: Potion            |       |     2 |     7 ||     9
       Scroll            |       |     1 |    13 ||    14
 Stab: Held in net/web   |     1 |       |       ||     1
       Petrified         |       |       |     2 ||     2
       Sleeping          |       |       |     1 ||     1
  Eat: Ration            |     1 |     1 |     1 ||     3
       Chunk             |       |     7 |    13 ||    20
Armor: Leather armour    |    41 |    34 |     4 ||    79
       Chain mail        |       |       |   101 ||   101
Dodge: Dodged            |    72 |   115 |    54 ||   241
Block: Shield            |       |       |   106 ||   106
       Rpst.: Long sword |       |       |     2 ||     2
